TOP OF THE 1ST |
Chicago Cubs batting - Pitching for Detroit Tigers : LHP David Cruz
|
Pitching: LHP David Cruz
|
|
Batting: RHB Yasuhide Kasahara
|
0-0: Called Strike 0-1: Ground out 4-3 (Groundball, 4D, EV 101.2 MPH)
|
Batting: RHB Kaeo Zirpoli
|
0-0: Foul Ball, location: 2F 0-1: Called Strike 0-2: Ball 1-2: SINGLE (Groundball, 6MD, EV 99.4 MPH)
|
Batting: RHB Efrain Vargas
|
0-0: Ball 1-0: Called Strike 1-1: Fly out, F5 (Popup, 56, EV 58.8 MPH)
|
Batting: SHB Terry Tuckfard
|
0-0: Fly out, F9 (Flyball, 9LS, EV 90.0 MPH)
|
Top of the 1st over - 0 runs, 1 hit, 0 errors, 1 left on base; Chicago 0 - Detroit 0 |
BOTTOM OF THE 1ST |
Detroit Tigers batting - Pitching for Chicago Cubs : RHP Randy Budgell
|
Pitching: RHP Randy Budgell
|
|
Batting: RHB Greg Harman
|
0-0: Foul Ball, location: 2F 0-1: Called Strike 0-2: Foul Ball, location: 2F 0-2: Hit by Pitch
|
Batting: RHB Victor Quinones
|
0-0: Ball 1-0: Swinging Strike 1-1: Ball 2-1: TRIPLE (Flyball, 78XD, EV 103.1 MPH) Greg Harman scores
|
Batting: RHB Randy Shrewsbury
|
0-0: Called Strike 0-1: Ball 1-1: Ball 2-1: Ground out 6-3 (Groundball, 56, EV 88.8 MPH) Victor Quinones scores
|
Batting: LHB Morgan Black
|
0-0: Foul Ball, location: 2F 0-1: Ball 1-1: Foul Ball, location: 2F 1-2: SINGLE (Groundball, 25, EV 67.5 MPH) (infield hit)
|
Batting: RHB Ryan Neal
|
0-0: Ball 1-0: Called Strike 1-1: Ball 2-1: Fly out, F8 (Flyball, 8LS, EV 85.6 MPH)
|
Batting: RHB Dave Reynolds
|
0-0: 2-RUN HOME RUN (Flyball, 9D, EV 99.4 MPH), Distance : 382 ft
|
Batting: LHB Emmanuel Gaskin
|
0-0: Ball 1-0: Foul Ball, location: 2F 1-1: Fly out, F8 (Line Drive, 8RD, EV 104.4 MPH)
|
Bottom of the 1st over - 4 runs, 3 hits, 0 errors, 0 left on base; Chicago 0 - Detroit 4 |
TOP OF THE 2ND |
Chicago Cubs batting - Pitching for Detroit Tigers : LHP David Cruz
|
Batting: RHB Josh Kalman
|
0-0: Ball 1-0: Swinging Strike 1-1: Foul Ball, location: 2F 1-2: Ball 2-2: Foul Ball, location: 2F 2-2: Ball 3-2: Strikes out looking
|
Batting: RHB Elijah Campbell
|
0-0: Called Strike 0-1: Swinging Strike 0-2: Ground out 4-3 (Groundball, 4, EV 85.0 MPH)
|
Batting: RHB Steve Bui
|
0-0: Ball 1-0: SINGLE (Groundball, 56, EV 110.0 MPH) (infield hit)
|
Batting: RHB Will Leslie
|
0-0: Swinging Strike Pickoff Throw to First - Out! 1-3
|
Top of the 2nd over - 0 runs, 1 hit, 0 errors, 0 left on base; Chicago 0 - Detroit 4 |
BOTTOM OF THE 2ND |
Detroit Tigers batting - Pitching for Chicago Cubs : RHP Randy Budgell
|
Batting: RHB Luke Feeney
|
0-0: Called Strike 0-1: Called Strike 0-2: Foul Ball, location: 2F 0-2: DOUBLE (Line Drive, 78XD, EV 106.9 MPH)
|
Batting: RHB Danny Eberhart
|
0-0: Foul Ball, location: 2F 0-1: Foul Ball, location: 2F 0-2: Ball 1-2: Ball 2-2: Strikes out swinging
|
Batting: RHB Greg Harman
|
0-0: Foul Ball, location: 2F 0-1: Ball 1-1: Swinging Strike 1-2: Foul Ball, location: 2F 1-2: Ball 2-2: Foul Ball, location: 2F 2-2: Ball 3-2: Fly out, F9 (Flyball, 89D, EV 100.6 MPH)
|
Batting: RHB Victor Quinones
|
0-0: Called Strike 0-1: Foul Ball, location: 2F 0-2: Ball 1-2: Fly out, F3 (Popup, 3F, EV 75.6 MPH)
|
Bottom of the 2nd over - 0 runs, 1 hit, 0 errors, 1 left on base; Chicago 0 - Detroit 4 |
TOP OF THE 3RD |
Chicago Cubs batting - Pitching for Detroit Tigers : LHP David Cruz
|
Batting: RHB Will Leslie
|
0-0: Called Strike 0-1: Swinging Strike 0-2: Ball 1-2: Ground out 4-3 (Groundball, 4S, EV 72.5 MPH)
|
Batting: LHB Kevin Norton
|
0-0: Called Strike 0-1: Ball 1-1: Foul Ball, location: 2F 1-2: Foul Ball, location: 2F 1-2: Strikes out swinging
|
Batting: RHB Yasuhide Kasahara
|
0-0: Called Strike 0-1: Ball 1-1: Ball 2-1: Fly out, F8 (Flyball, 8LXD, EV 98.8 MPH)
|
Top of the 3rd over - 0 runs, 0 hits, 0 errors, 0 left on base; Chicago 0 - Detroit 4 |
BOTTOM OF THE 3RD |
Detroit Tigers batting - Pitching for Chicago Cubs : RHP Randy Budgell
|
Batting: RHB Randy Shrewsbury
|
0-0: Called Strike 0-1: Ball 1-1: Ball 2-1: Foul Ball, location: 2F 2-2: Strikes out swinging
|
Batting: LHB Morgan Black
|
0-0: Called Strike 0-1: Called Strike 0-2: Foul Ball, location: 2F 0-2: SINGLE (Groundball, 56D, EV 98.1 MPH)
|
Batting: RHB Ryan Neal
|
0-0: Ball 1-0: Ball 2-0: Called Strike 2-1: Foul Ball, location: 2F 2-2: Ball 3-2: Foul Ball, location: 2F 3-2: Grounds into double play, 4-6-3 (Groundball, 4, EV 110.6 MPH)
|
Bottom of the 3rd over - 0 runs, 1 hit, 0 errors, 0 left on base; Chicago 0 - Detroit 4 |
TOP OF THE 4TH |
Chicago Cubs batting - Pitching for Detroit Tigers : LHP David Cruz
|
Batting: RHB Kaeo Zirpoli
|
0-0: Called Strike 0-1: Ball 1-1: Ball 2-1: Foul Ball, location: 2F 2-2: Ground out U3 (Groundball, 34S, EV 85.6 MPH)
|
Batting: RHB Efrain Vargas
|
0-0: Called Strike 0-1: Called Strike 0-2: Ball 1-2: Ball 2-2: Ball 3-2: Foul Ball, location: 2F 3-2: SOLO HOME RUN (Flyball, 9D, EV 98.8 MPH), Distance : 377 ft
|
Batting: SHB Terry Tuckfard
|
0-0: Ball 1-0: Called Strike 1-1: Ball 2-1: Foul Ball, location: 2F 2-2: Foul Ball, location: 2F 2-2: Foul Ball, location: 2F 2-2: Foul Ball, location: 2F 2-2: SOLO HOME RUN (Line Drive, 7D, EV 103.1 MPH), Distance : 395 ft
|
Batting: RHB Josh Kalman
|
0-0: Called Strike 0-1: Ball 1-1: Foul Ball, location: 2F 1-2: Ball 2-2: Strikes out swinging
|
Batting: RHB Elijah Campbell
|
0-0: Ball 1-0: Foul Ball, location: 2F 1-1: Fly out, F7 (Flyball, 7LD, EV 98.8 MPH)
|
Top of the 4th over - 2 runs, 2 hits, 0 errors, 0 left on base; Chicago 2 - Detroit 4 |
BOTTOM OF THE 4TH |
Detroit Tigers batting - Pitching for Chicago Cubs : RHP Randy Budgell
|
Batting: RHB Dave Reynolds
|
0-0: Called Strike 0-1: SOLO HOME RUN (Flyball, 7D, EV 103.8 MPH), Distance : 392 ft
|
Pitching: RHP Chris Allen
|
|
Batting: LHB Emmanuel Gaskin
|
0-0: Ball 1-0: Foul Ball, location: 2F 1-1: Ball 2-1: Foul Ball, location: 2F 2-2: Foul Ball, location: 2F 2-2: Ground out 5-3 (Groundball, 6, EV 90.6 MPH)
|
Batting: RHB Luke Feeney
|
0-0: Called Strike 0-1: Ball 1-1: Ball 2-1: Fly out, F5 (Flyball, 5D, EV 89.4 MPH)
|
Batting: RHB Danny Eberhart
|
0-0: Called Strike 0-1: Called Strike 0-2: SINGLE (Groundball, 4MD, EV 96.2 MPH)
|
Batting: RHB Greg Harman
|
0-0: Called Strike 0-1: Ball 1-1: Fielders Choice at 2nd, 6-4 (Groundball, 6, EV 99.4 MPH)
|
Bottom of the 4th over - 1 run, 2 hits, 0 errors, 1 left on base; Chicago 2 - Detroit 5 |
TOP OF THE 5TH |
Chicago Cubs batting - Pitching for Detroit Tigers : LHP David Cruz
|
Batting: RHB Steve Bui
|
0-0: Called Strike 0-1: Swinging Strike 0-2: Ball 1-2: Ground out 5-3 (Groundball, 56S, EV 83.8 MPH)
|
Batting: RHB Will Leslie
|
0-0: Ball 1-0: Ball 2-0: Foul Ball, location: 2F 2-1: Ball 3-1: Ground out 6-3 (Groundball, 6, EV 101.9 MPH)
|
Batting: LHB Kevin Norton
|
0-0: Swinging Strike 0-1: Foul Ball, location: 2F 0-2: Ball 1-2: Strikes out swinging
|
Top of the 5th over - 0 runs, 0 hits, 0 errors, 0 left on base; Chicago 2 - Detroit 5 |
BOTTOM OF THE 5TH |
Detroit Tigers batting - Pitching for Chicago Cubs : RHP Chris Allen
|
Batting: RHB Victor Quinones
|
0-0: Ball 1-0: Foul Ball, location: 2F 1-1: Foul Ball, location: 2F 1-2: Ball 2-2: SINGLE (Groundball, 6MD, EV 104.4 MPH)
|
Batting: RHB Randy Shrewsbury
|
0-0: Ground out 5-3 (Groundball, 5S, EV 67.5 MPH) Victor Quinones to second
|
Batting: LHB Morgan Black
|
0-0: Ball 1-0: Ball 2-0: Called Strike 2-1: Called Strike 2-2: Ball 3-2: Base on Balls
|
Batting: RHB Ryan Neal
|
0-0: Ball 1-0: Ball 2-0: Ball 3-0: Base on Balls Victor Quinones to third Morgan Black to second
|
Batting: RHB Dave Reynolds
|
0-0: Fly out, F9 (Flyball, 9LM, EV 84.4 MPH) Runner from 3rd tags up, SCORES, throw by RF Morgan Black to third
|
Batting: LHB Emmanuel Gaskin
|
0-0: Called Strike Ryan Neal steals 2nd base 0-1: Ball 1-1: Foul Ball, location: 2F 1-2: Ball 2-2: Ball 3-2: Foul Ball, location: 2F 3-2: Base on Balls
|
Pitching: RHP Tony Ramirez
|
|
Batting: RHB Luke Feeney
|
0-0: Ball 1-0: Ball 2-0: Foul Ball, location: 2F 2-1: Swinging Strike 2-2: Ball 3-2: Strikes out swinging
|
Bottom of the 5th over - 1 run, 1 hit, 0 errors, 3 left on base; Chicago 2 - Detroit 6 |
TOP OF THE 6TH |
Chicago Cubs batting - Pitching for Detroit Tigers : LHP David Cruz
|
Batting: RHB Yasuhide Kasahara
|
0-0: Ground out 5-3 (Groundball, 56, EV 103.8 MPH)
|
Batting: RHB Kaeo Zirpoli
|
0-0: Ball 1-0: Foul Ball, location: 2F 1-1: Foul Ball, location: 2F 1-2: Ball 2-2: SINGLE (Line Drive, 78M, EV 104.4 MPH)
|
Batting: RHB Efrain Vargas
|
0-0: Foul Ball, location: 2F 0-1: SINGLE (Line Drive, 8LS, EV 93.1 MPH) Kaeo Zirpoli to second
|
Batting: SHB Terry Tuckfard
|
0-0: Ball 1-0: Ball 2-0: Ball 3-0: Called Strike 3-1: Grounds into double play, 4-6-3 (Groundball, 4, EV 84.4 MPH)
|
Top of the 6th over - 0 runs, 2 hits, 0 errors, 1 left on base; Chicago 2 - Detroit 6 |
BOTTOM OF THE 6TH |
Detroit Tigers batting - Pitching for Chicago Cubs : RHP Tony Ramirez
|
Batting: RHB Danny Eberhart
|
0-0: Ball 1-0: SINGLE (Groundball, 4M, EV 100.6 MPH) (infield hit)
|
Batting: RHB Greg Harman
|
0-0: Ball 1-0: Foul Ball, location: 2F 1-1: Ball 2-1: SINGLE (Groundball, 56D, EV 105.6 MPH) Danny Eberhart to second
|
Batting: RHB Victor Quinones
|
0-0: Ball 1-0: Ball 2-0: Foul Ball, location: 2F 2-1: Foul Ball, location: 2F 2-2: Ball 3-2: Strikes out swinging
|
Batting: RHB Randy Shrewsbury
|
0-0: Ball 1-0: Called Strike 1-1: Foul Ball, location: 2F 1-2: Foul Ball, location: 2F 1-2: Strikes out swinging
|
Batting: LHB Morgan Black
|
0-0: Ball 1-0: Called Strike 1-1: Foul Ball, location: 2F 1-2: Foul Ball, location: 2F 1-2: Foul Ball, location: 2F 1-2: Strikes out swinging
|
Bottom of the 6th over - 0 runs, 2 hits, 0 errors, 2 left on base; Chicago 2 - Detroit 6 |
TOP OF THE 7TH |
Chicago Cubs batting - Pitching for Detroit Tigers : LHP David Cruz
|
Batting: RHB Josh Kalman
|
0-0: SINGLE (Groundball, 6D, EV 96.9 MPH)
|
Batting: RHB Elijah Campbell
|
0-0: Swinging Strike 0-1: Ball 1-1: Called Strike 1-2: Grounds into double play, 1-6-3 (Groundball, 13, EV 66.2 MPH)
|
Batting: RHB Steve Bui
|
0-0: Foul Ball, location: 2F 0-1: Ball 1-1: Foul Ball, location: 2F 1-2: Foul Ball, location: 2F 1-2: Ground out 6-3 (Groundball, 6, EV 102.5 MPH)
|
Top of the 7th over - 0 runs, 1 hit, 0 errors, 0 left on base; Chicago 2 - Detroit 6 |
BOTTOM OF THE 7TH |
Detroit Tigers batting - Pitching for Chicago Cubs : RHP Tony Ramirez
|
Pitching: RHP Yeong-kil Suck
|
|
Batting: RHB Ryan Neal
|
0-0: Ball 1-0: Ball 2-0: Ball 3-0: Base on Balls
|
Batting: RHB Dave Reynolds
|
0-0: Called Strike Ryan Neal steals 2nd base 0-1: Called Strike 0-2: Strikes out looking
|
Batting: LHB Emmanuel Gaskin
|
0-0: Intentional Walk
|
Batting: RHB Luke Feeney
|
0-0: Called Strike 0-1: Foul Ball, location: 2F 0-2: Ball 1-2: Strikes out swinging
|
Batting: RHB Danny Eberhart
|
0-0: Swinging Strike 0-1: Swinging Strike 0-2: Strikes out swinging
|
Bottom of the 7th over - 0 runs, 0 hits, 0 errors, 2 left on base; Chicago 2 - Detroit 6 |
TOP OF THE 8TH |
Chicago Cubs batting - Pitching for Detroit Tigers : LHP David Cruz
|
Pitching: RHP Eric Putnam
|
|
Batting: RHB Will Leslie
|
0-0: Called Strike 0-1: Called Strike 0-2: Ball 1-2: Ball 2-2: Foul Ball, location: 2F 2-2: Ball 3-2: Base on Balls
|
Batting: LHB Kevin Norton
|
0-0: Foul Ball, location: 2F 0-1: Ball 1-1: Called Strike 1-2: Foul Ball, location: 2F 1-2: Fielders Choice at 2nd, 3-6 (Groundball, 3, EV 101.2 MPH)
|
Batting: RHB Yasuhide Kasahara
|
0-0: Swinging Strike 0-1: Foul Ball, location: 2F 0-2: Ball 1-2: Ball 2-2: SINGLE (Line Drive, 8RS, EV 94.4 MPH) Kevin Norton to second
|
Batting: RHB Kaeo Zirpoli
|
0-0: Foul Ball, location: 2F 0-1: Foul Ball, location: 2F 0-2: Fly out, F8 (Line Drive, 8LD, EV 92.5 MPH)
|
Batting: RHB Efrain Vargas
|
0-0: Ball 1-0: Called Strike 1-1: Foul Ball, location: 2F 1-2: Ball 2-2: Foul Ball, location: 2F 2-2: Ball 3-2: Ground out 5-3 (Groundball, 5S, EV 67.5 MPH)
|
Top of the 8th over - 0 runs, 1 hit, 0 errors, 2 left on base; Chicago 2 - Detroit 6 |
BOTTOM OF THE 8TH |
Detroit Tigers batting - Pitching for Chicago Cubs : RHP Yeong-kil Suck
|
Batting: RHB Greg Harman
|
0-0: Ball 1-0: Ball 2-0: Called Strike 2-1: Ball 3-1: Base on Balls
|
Batting: RHB Victor Quinones
|
0-0: Swinging Strike 0-1: Grounds into double play, 4-6-3 (Groundball, 4, EV 88.8 MPH)
|
Batting: RHB Randy Shrewsbury
|
0-0: Ball 1-0: Ball 2-0: Fly out, F9 (Flyball, 89M, EV 88.8 MPH)
|
Bottom of the 8th over - 0 runs, 0 hits, 0 errors, 0 left on base; Chicago 2 - Detroit 6 |
TOP OF THE 9TH |
Chicago Cubs batting - Pitching for Detroit Tigers : RHP Eric Putnam
|
Pitching: RHP Riso Profanter
|
|
Batting: SHB Terry Tuckfard
|
0-0: Ground out 3-1 (Groundball, 34S, EV 73.8 MPH)
|
Batting: RHB Josh Kalman
|
0-0: Ball 1-0: Called Strike 1-1: Foul Ball, location: 2F 1-2: Strikes out swinging
|
Batting: RHB Elijah Campbell
|
0-0: Foul Ball, location: 2F 0-1: Ball 1-1: Called Strike 1-2: TRIPLE (Flyball, 78XD, EV 102.5 MPH)
|
Batting: RHB Steve Bui
|
0-0: Ball 1-0: Ball 2-0: Called Strike 2-1: Foul Ball, location: 2F 2-2: Foul Ball, location: 2F 2-2: Foul Ball, location: 2F 2-2: Ball 3-2: Foul Ball, location: 2F 3-2: 2-RUN HOME RUN (Line Drive, 78XD, EV 111.9 MPH), Distance : 422 ft
|
Batting: RHB Will Leslie
|
0-0: Swinging Strike 0-1: Called Strike 0-2: Strikes out swinging
|
Top of the 9th over - 2 runs, 2 hits, 0 errors, 0 left on base; Chicago 4 - Detroit 6 |
|